 Dungeon Crawl Stone Soup version 0.25.0-1-g7eea58d2a3 (webtiles) character file.

Game seed: 4001991936858915893

780 Exodus22XD the Magician (level 7, -9/36 HPs)
             Began as a Deep Elf Wizard on June 14, 2020.
             Blown up by Ijyb (33 damage)
             ... with a disintegration bolt
             ... on level 4 of the Dungeon.
             The game lasted 00:13:27 (4884 turns).

Exodus22XD the Magician (Deep Elf Wizard)           Turns: 4884, Time: 00:13:28

Health: -9/36      AC:  3    Str:  4    XL:     7   Next: 55%
Magic:  17/20      EV: 13    Int: 25    God:
Gold:   187        SH:  0    Dex: 13    Spells: 10/21 levels left

rFire    . . .     SeeInvis .   g - +0 dagger (drain)
rCold    . . .     Gourm    .   (no shield)
rNeg     . . .     Faith    .   a - +0 robe
rPois    .         Spirit   .   b - +0 hat
rElec    .         Reflect  .   k - +0 cloak
rCorr    .         Harm     .   (no gloves)
MR       .....                  (no boots)
Stlth    ++........             (no amulet)
HPRegen  0.12/turn              o - ring of wizardry
MPRegen  0.17/turn              (no ring)

@: no status effects
A: no striking features
a: no special abilities


You were on level 4 of the Dungeon.
You were not hungry.

You visited 1 branch of the dungeon, and saw 4 of its levels.

You collected 187 gold pieces.

Inventory:

Hand Weapons
 g - a +0 dagger of draining (weapon)
Armour
 a - a +0 robe (worn)
 b - a +0 hat (worn)
 k - a +0 cloak (worn)
Jewellery
 o - a ring of wizardry (left hand)
Scrolls
 c - 5 scrolls of teleportation
 e - 2 scrolls of remove curse {unknown}
 f - a scroll of fog {unknown}
 h - a scroll of blinking {unknown}
 i - 3 scrolls of identify {unknown}
 m - a scroll of immolation {unknown}
 n - a scroll of enchant weapon {unknown}
Potions
 j - 2 potions of curing {unknown}
 p - a potion of ambrosia {unknown}
Comestibles
 d - 3 rations
 l - 4 chunks of flesh


   Skills:
 - Level 2.4 Dodging
 - Level 2.4 Stealth
 - Level 7.6 Spellcasting
 - Level 4.5 Conjurations
 - Level 4.1 Summonings
 - Level 1.1 Translocations
 + Level 4.2 Fire Magic


You had 10 spell levels left.
You knew the following spells:

 Your Spells              Type           Power        Failure   Level  Hunger
a - Magic Dart            Conj           ####         1%          1    None
b - Call Imp              Summ           ####....     1%          2    None
c - Blink                 Tloc           N/A          2%          2    None
d - Conjure Flame         Conj/Fire      ####....     1%          3    None
e - Mephitic Cloud        Conj/Pois/Air  ###.....     4%          3    None

Your spell library contained the following spells:

 Spells                   Type           Power        Failure   Level  Hunger
 Slow                     Hex            #.......     4%          2    None


Dungeon Overview and Level Annotations

Branches:
Dungeon (4/15)
 Temple: D:4-7

Altars:
Dithmenos
Gozag
Nemelex Xobeh
Zin

Annotations:
D:4 Ijyb


Message History

Ijyb is lightly wounded.
Ijyb shouts!
Casting: Magic Dart (safe; 1% risk of failure)
Confirm with . or Enter, or press ? or * to list all spells.
Aiming: Magic Dart (safe; 1% risk of failure)
Press: ? - help, Shift-Dir - straight line, f/p - Ijyb
Aim: Ijyb, wearing a +0 scale mail and carrying a wand of disintegration (17) (lightly wounded)
The magic dart hits Ijyb but does no damage.
Ijyb is lightly wounded.
Ijyb zaps a wand.
You are blasted!
Casting: Magic Dart (safe; 1% risk of failure)
Confirm with . or Enter, or press ? or * to list all spells.
Aiming: Magic Dart (safe; 1% risk of failure)
Press: ? - help, Shift-Dir - straight line, f/p - Ijyb
Aim: Ijyb, wearing a +0 scale mail and carrying a wand of disintegration (16) (lightly wounded)
The magic dart hits Ijyb.
Ijyb is moderately wounded.
Ijyb zaps a wand.
You are blasted!
Ouch! That really hurt!
You die...

# .#######.####......)...
.........................
#.######..###...........
... ##.###............
#.###..###.#).........
#.....###..##.........
..###..####.####.....#..
#........##.####..######
#..####@...<.##..##
#............#..##
#..###...).....##
..........###
..###.)....### #
...........# .##...g/.#.#
#......#.# #......#.##


You could see Ijyb.

Vanquished Creatures
  Eustachio (D:4)
  A crimson imp (D:4)
  2 jellies (D:2)
  An orc wizard (D:4)
  Natasha (thrice) (D:2)
  2 worker ants (D:4)
  Robin (D:4)
  7 gnolls
  2 adders
  8 oozes (D:2)
  2 worms
  2 dart slugs (D:1)
  6 leopard geckos
  4 orcs (D:4)
  5 bats
  4 giant cockroaches
  16 goblins
  7 hobgoblins
  5 jackals
  A quokka (D:2)
  A ball python (D:2)
  A frilled lizard (D:2)
  A jackal skeleton (D:4)
  11 kobolds
  8 rats
102 creatures vanquished.

Vanquished Creatures (collateral kills)
  Grinder (D:4)
1 creature vanquished.

Vanquished Creatures (others)
  A fungus (D:2)
  10 toadstools (D:2)
11 creatures vanquished.

Grand Total: 114 creatures vanquished

Notes
Turn   | Place    | Note
-------+----------+-------------------------------------------
     0 | D:1      | Exodus22XD the Deep Elf Wizard began the quest for the Orb.
     0 | D:1      | Reached XP level 1. HP: 10/10 MP: 7/7
   190 | D:1      | Reached XP level 2. HP: 15/15 MP: 1/9
  1159 | D:2      | Found a shadowy altar of Dithmenos.
  1232 | D:2      | Reached XP level 3. HP: 19/19 MP: 5/10
  1750 | D:2      | Noticed Natasha
  1758 | D:2      | Killed Natasha
  1758 | D:2      | Reached XP level 4. HP: 8/24 MP: 1/12
  1773 | D:2      | Learned a level 2 spell: Call Imp
  1776 | D:2      | Learned a level 2 spell: Blink
  1780 | D:2      | Learned a level 3 spell: Conjure Flame
  1784 | D:2      | Learned a level 3 spell: Mephitic Cloud
  2139 | D:2      | Reached XP level 5. HP: 3/28 MP: 0/13
  2721 | D:2      | Noticed Natasha
  2726 | D:2      | Killed Natasha
  2755 | D:2      | Noticed Natasha
  2763 | D:2      | Killed Natasha
  2763 | D:2      | Reached skill level 1 in Fire Magic
  3399 | D:3      | Found a glowing silver altar of Zin.
  3417 | D:3      | Found a sparkling altar of Nemelex Xobeh.
  3435 | D:3      | Reached XP level 6. HP: 32/32 MP: 3/14
  4319 | D:4      | Noticed Grinder
  4347 | D:4      | Killed Grinder
  4347 | D:4      | Reached skill level 6 in Spellcasting
  4347 | D:4      | Reached XP level 7. HP: 24/36 MP: 2/18
  4497 | D:4      | Noticed Eustachio
  4511 | D:4      | Killed Eustachio
  4511 | D:4      | Reached skill level 7 in Spellcasting
  4604 | D:4      | Found an opulent altar of Gozag.
  4668 | D:4      | Noticed Robin
  4674 | D:4      | Killed Robin
  4676 | D:4      | Noticed Ijyb
  4884 | D:4      | Blown up by Ijyb

Illustrated notes

Levels and vault maps discovered:
D:1:      sevenhm_arrival_forest_fort_large_3, layout_loops_ring, minivault_23
D:2:      cheibrodos_fertilizer, layout_loops_ring,
          grunt_dithmenos_smoke_and_mirrors, uniq_natasha
D:3:      layout_loops_corners, grunt_temple_overflow_open
D:4:      layout_rooms, grunt_gozag_breadcrumbs, uniq_grinder, uniq_ijyb,
          uniq_eustachio, uniq_robin

Skill      XL: |  1  2  3  4  5  6  7 |
---------------+----------------------+-----
Conjurations   | 2 3 4 |  4.5
Summonings     | 3 4 |  4.1
Fire Magic     | 2 3 4 |  4.2
Spellcasting   | 6 7 |  7.6
Dodging        | |  2.4
Stealth        | |  2.4
Translocations | |  1.1

Action                   |  1- 3 |  4- 6 |  7- 9 || total
-------------------------+-------+-------+-------++-------
Melee: Dagger            |    16 |    23 |     9 ||    48
 Cast: Magic Dart        |    92 |   116 |    35 ||   243
       Mephitic Cloud    |       |     3 |     4 ||     7
       Conjure Flame     |       |     3 |     2 ||     5
       Call Imp          |       |     3 |       ||     3
  Use: Scroll            |       |     1 |       ||     1
 Stab: Confused          |       |     2 |       ||     2
       Sleeping          |       |     1 |       ||     1
  Eat: Chunk             |     2 |     8 |     2 ||    12
Armor: Robe              |     4 |     7 |     4 ||    15
Dodge: Dodged            |    20 |    15 |     8 ||    43
